cohdb
Replays
Latest Replays
All Replays
Popular Replays
Top Player Replays
Match Explorer
How It Works
Community
CoH3 Stats
Reddit
Sign in to upload your games and track your stats! →
Sign in with Steam
Match 45799676
Unlisted
Match 45799676
Overview
Messages
Build Orders
End
Construct Infanterie Kompanie
Pioneer Squad
Grenadier Squad
Selects Mechanized Battlegroup
GrW 34 Mortar Team
GrW 34 Mortar Team
Grenadier Squad
Medical Station
Construct Panzergrenadier Kompanie
Pioneer Squad
251 Medium Carrier
Infanterie Officer Quarters
Selects Raid Package
Grenadier Squad
Please PLAY Snowbreak
Gokou_Ruri
braindamage
crywo1f
0
0
Comments
sign in to comment!
No comments posted yet!